[Event "Late-Titled-Tuesday-Blitz-October-10-2023"]
[Site "Chess.com"]
[Date "2023.10.10"]
[Round "9"]
[White "Dr_crypt"]
[Black "pinguino120"]
[Result "0-1"]
[WhiteElo "2383"]
[BlackElo "2250"]
[TimeControl "180+1"]
[EndTime "15:37:17 PDT"]
[Termination "pinguino120 won by resignation"]

1. d4 Nf6 2. Nf3 g6 3. c4 e6 4. Nc3 d5 5. Bg5 Bg7 6. Qd2 h6 7. Bh4 g5 8. Bg3 dxc4 9. e4 c5 10. Bxc4 cxd4 11. Nxd4 Nxe4 12. Nxe4 Qxd4 13. Qxd4 Bxd4 14.
O-O-O Nc6 15. Bb5 Bg7 16. Kb1 O-O 17. h4 g4 18. h5 Nd4 19. Ba4 b5 20. Bb3 Bb7 21.
f3 gxf3 22. gxf3 Nxf3 23. Nc5 Nd2+ 24. Rxd2 Bxh1 25. Rd1 Bf3 26. Rg1 Bxh5 27. Be5 Bg6+ 0-1

[Event "Late-Titled-Tuesday-Blitz-October-10-2023"]
[Site "Chess.com"]
[Date "2023.10.10"]
[Round "9"]
[White "cande_francisco"]
[Black "2typicalchessplayer"]
[Result "1-0"]
[WhiteElo "2531"]
[BlackElo "2380"]
[TimeControl "180+1"]
[EndTime "15:37:20 PDT"]
[Termination "cande_francisco won by resignation"]

1. e4 Nf6 2. e5 Nd5 3. d4 d6 4. Nf3 dxe5 5. Nxe5 c6 6. Be2 Bf5 7.
O-O Nd7 8. Nf3 e6 9. a3 Be7 10. c4 Nc7 11. Nc3 O-O 12. Re1 Bf6 13. Bf4 h6 14. h3 Rc8 15. Qd2 Nb6 16. b4 g5 17.
Be5 Nd7 18. Bxf6 Qxf6 19. Rad1 Rfd8 20. Qe3 Ne8 21. Ne4 Qg7 22. Bd3 Ndf6 23. Ng3 Bxd3 24.
Rxd3 Nd6 25. Ne5 Nd7 26. Nh5 Qh8 27. f4 Nxe5 28. dxe5 Nf5 29. Rxd8+ Rxd8 30. Qxa7 gxf4 31. Qxb7 Nd4 32. Qe7 Rf8 33. Qh4 Nf5 34. Qg4+ Kh7 35.
Nf6+ Qxf6 36. exf6 Rg8 37. Qxf4 1-0

[Event "Late-Titled-Tuesday-Blitz-October-10-2023"]
[Site "Chess.com"]
[Date "2023.10.10"]
[Round "9"]
[White "sergoy"]
[Black "Ali_rastbod"]
[Result "1-0"]
[WhiteElo "2969"]
[BlackElo "2749"]
[TimeControl "180+1"]
[EndTime "15:37:21 PDT"]
[Termination "sergoy won by resignation"]

1. d4 d5 2. c4 e6 3. Nf3 Nf6 4.
Nc3 h6 5. Bf4 Bb4 6. a3 Bxc3+ 7.
bxc3 c5 8. e3 Qa5 9. Qc2 Ne4 10.
Rc1 cxd4 11. exd4 Nc6 12. Bd3 g5 13. Be3 g4 14. Bxe4 dxe4 15. Nd2 f5 16. O-O h5 17. c5 Qa6 18. c4 O-O 19. f3 e5 20. dxe5 f4 21. Qxe4 fxe3 22. Qg6+ Kh8 23. Qxh5+ Kg8 24. fxg4 Be6 25. Qg6+ Kh8 26. Qh6+ Kg8 27. Qxe6+ 1-0

[Event "Late-Titled-Tuesday-Blitz-October-10-2023"]
[Site "Chess.com"]
[Date "2023.10.10"]
[Round "9"]
[White "josiwales"]
[Black "h4parah5"]
[Result "0-1"]
[WhiteElo "2772"]
[BlackElo "2942"]
[TimeControl "180+1"]
[EndTime "15:37:34 PDT"]
[Termination "h4parah5 won by resignation"]

1. e4 c6 2. d4 d5 3. e5 Bf5 4. h4 Qb6 5. g4 Bd7 6. c4 e6 7. Nc3 c5 8. dxc5 Bxc5 9. Nh3 Nc6 10. f4 h5 11. cxd5 exd5 12. Nxd5 Qd8 13. Ng5 Bxg4 14.
Qb3 Nh6 15. Qxb7 Rc8 16. Bg2 O-O 17. Qa6 Nb4 18. Nxb4 Bxb4+ 19. Kf2 Rc2+ 20. Kg1 Bc5+ 21. Kh2 Qd5 22. Qf1 Nf5 23. Nh3 Nxh4 24. Nf2 Nf3+ 0-1

[Event "Late-Titled-Tuesday-Blitz-October-10-2023"]
[Site "Chess.com"]
[Date "2023.10.10"]
[Round "9"]
[White "K_A_S_T_O_R"]
[Black "THE_PLAYER6"]
[Result "0-1"]
[WhiteElo "2871"]
[BlackElo "2695"]
[TimeControl "180+1"]
[EndTime "15:37:35 PDT"]
[Termination "THE_PLAYER6 won by resignation"]

1. e4 c5 2. Nf3 d6 3. d4 cxd4 4. Nxd4 Nf6 5. Nc3 a6 6. Bg5 e6 7. f4 h6 8. Bh4 Qb6 9. Bxf6 gxf6 10. Qd2 Qxb2 11. Nb3 Nc6 12. Be2 Nb4 13. Bd3 Bd7 14. a3 Nxd3+ 15. Qxd3 Rc8 16. Kd2 f5 17. exf5 Bg7 18. Ne4 Bb5 19. Nxd6+ Ke7 20. Nxb5 Rhd8 0-1

[Event "Late-Titled-Tuesday-Blitz-October-10-2023"]
[Site "Chess.com"]
[Date "2023.10.10"]
[Round "9"]
[White "aNaartjieZA"]
[Black "ItalianMachine"]
[Result "0-1"]
[WhiteElo "2549"]
[BlackElo "2437"]
[TimeControl "180+1"]
[EndTime "15:37:35 PDT"]
[Termination "ItalianMachine won by resignation"]

1. e4 e5 2. Nf3 Nc6 3. Bb5 Nge7 4. O-O g6 5. c3 Bg7 6. d4 exd4 7. cxd4 d5 8. exd5 Nxd5 9. Re1+ Be6 10. Ng5 O-O 11.
Nxe6 fxe6 12. Bxc6 bxc6 13. Nc3 Qh4 14. g3 Qxd4 15. Be3 Nxe3 16. Rxe3 Qb6 17. Na4 Qb5 18. Qb3 Bd4 19. Rxe6 Qxb3 20. axb3 Rxf2 21. Kh1 c5 22. Rc6 Re8 23. Nc3 Rxb2 0-1

[Event "Late-Titled-Tuesday-Blitz-October-10-2023"]
[Site "Chess.com"]
[Date "2023.10.10"]
[Round "9"]
[White "Pomberito2"]
[Black "ElenGajger"]
[Result "1-0"]
[WhiteElo "2478"]
[BlackElo "2372"]
[TimeControl "180+1"]
[EndTime "15:37:36 PDT"]
[Termination "Pomberito2 won by resignation"]

1. d4 Nf6 2. Nf3 g6 3. Bg5 Bg7 4.
e3 O-O 5. Nbd2 d5 6. Bd3 Nbd7 7. c3 c5 8. Qe2 b6 9. h4 Bb7 10. Ne5 Ne4 11. Ndf3 Nxe5 12. dxe5 Nxg5 13. hxg5 Qc7 14. O-O-O Bxe5 15. Nxe5 Qxe5 16. f4 Qg7 17. Rh6 e5 18.
Rdh1 e4 19. Bc2 f6 20. f5 fxg5 21. fxg6 hxg6 22. Rh8+ Qxh8 23. Rxh8+ Kxh8 24. Qg4 Rf5 25. Qh3+ Kg7 26. Bd1 Rh8 27. Qg3 Rh1 28. Kc2 Ba6 29. Bg4 Bd3+ 30. Kb3 Bc4+ 31. Ka3 Rf6 32. Qc7+ Rf7 33.
Qe5+ Kh7 34. Be6 Rg7 35. Qxg5 Rh5 36. Qd8 b5 37. g4 Re5 38. Qh4+ 1-0

[Event "Late-Titled-Tuesday-Blitz-October-10-2023"]
[Site "Chess.com"]
[Date "2023.10.10"]
[Round "9"]
[White "Dedic8"]
[Black "FairChess_on_YouTube"]
[Result "0-1"]
[WhiteElo "2880"]
[BlackElo "3091"]
[TimeControl "180+1"]
[EndTime "15:37:49 PDT"]
[Termination "FairChess_on_YouTube won by resignation"]

1. d4 Nf6 2. c4 d6 3. Nc3 Bf5 4. g3 Nc6 5. Bg2 e5 6. d5 Ne7 7. e4 Bd7 8. Nf3 g6 9. c5 Bg7 10. cxd6 cxd6 11. O-O O-O 12. h3 b5 13. a3 a5 14. Qb3 Rb8 15. Re1 h6 16. Qd1 Nh7 17.
Bd2 f5 18. a4 bxa4 19. Nxa4 fxe4 20. Rxe4 Nf6 21. Re1 Nexd5 22. Nc3 Nb4 23. Be3 Bf5 24. Nh4 Bc2 25. Qd2 g5 26. Nf3 Bh7 27. Red1 Nc2 28. Ra2 Nb4 29. Raa1 Nd3 30. Ra2 d5 31. Bc5 Nxc5 0-1

[Event "Late-Titled-Tuesday-Blitz-October-10-2023"]
[Site "Chess.com"]
[Date "2023.10.10"]
[Round "9"]
[White "FaustinoOro"]
[Black "UK_23"]
[Result "1-0"]
[WhiteElo "2856"]
[BlackElo "2407"]
[TimeControl "180+1"]
[EndTime "15:38:04 PDT"]
[Termination "FaustinoOro won by resignation"]

1. Nf3 d5 2. e3 Nf6 3. c4 e6 4. d4 a6 5. Nc3 b6 6. cxd5 exd5 7. Bd3 Bb7 8. O-O Nbd7 9. Qc2 Bd6 10. b3 O-O 11. Bb2 Re8 12. Rad1 Qe7 13. Bf5 Nf8 14.
Rfe1 g6 15. Bd3 Ne4 16. Ne2 Ne6 17. Ng3 f5 18. Ne5 Qh4 19. Bf1 Rad8 20. Nf3 Qe7 21. Rc1 h5 22. Ne5 Qf6 23. f3 Nxg3 24. hxg3 h4 25.
gxh4 Qxh4 26. f4 Kg7 27. Qf2 Qh6 28. Qg3 Rh8 29. Bd3 Rdf8 30. Kf2 Be7 31. Nf3 Kf7 32.
Rh1 Qxh1 33. Rxh1 Rxh1 34. Ne5+ Ke8 35. Qxg6+ Kd8 36. Qxe6 Bh4+ 37. Ke2 1-0

[Event "Late-Titled-Tuesday-Blitz-October-10-2023"]
[Site "Chess.com"]
[Date "2023.10.10"]
[Round "9"]
[White "Langua_Chess"]
[Black "hellokostya"]
[Result "1/2-1/2"]
[WhiteElo "2479"]
[BlackElo "2624"]
[TimeControl "180+1"]
[EndTime "15:38:05 PDT"]
[Termination "Game drawn by repetition"]

1. e4 c5 2. Nf3 Nc6 3. d4 cxd4 4. Nxd4 Nf6 5. Nc3 e5 6. Ndb5 d6 7. Bg5 a6 8. Na3 b5 9. Nd5 Be7 10. Bxf6 Bxf6 11. c4 b4 12. Nc2 O-O 13. g3 a5 14.
Bg2 Be6 15. O-O Bg5 16. f4 exf4 17. gxf4 Bh6 18. Nce3 Re8 19. Qh5 Bxd5 20. Nxd5 Ne7 21. Nf6+ gxf6 22. Qxh6 Ng6 23. Rf3 Qb6+ 24. Kh1 Qd4 25.
Rh3 Rxe4 26. f5 Rae8 27. Qxh7+ Kf8 28. Qh6+ Kg8 29. Qh7+ Kf8 30. Qh6+ Kg8 31. Qh7+ 1/2-1/2

[Event "Late-Titled-Tuesday-Blitz-October-10-2023"]
[Site "Chess.com"]
[Date "2023.10.10"]
[Round "9"]
[White "GHANDEEVAM2003"]
[Black "Cayse"]
[Result "0-1"]
[WhiteElo "3028"]
[BlackElo "2882"]
[TimeControl "180+1"]
[EndTime "15:38:09 PDT"]
[Termination "Cayse won by resignation"]

1. c4 e6 2. Nf3 d5 3. e3 Nf6 4. b3 Be7 5. Bb2 O-O 6. d4 c5 7. Nbd2 Nc6 8. cxd5 Nxd5 9. dxc5 Bxc5 10. Bc4 a6 11. O-O b5 12. Be2 Bb7 13. Ne4 Bb6 14. Rc1 Qe7 15. Qc2 h6 16. Rfd1 Rac8 17. Qb1 Rfd8 18. Qa1 f5 19. Ng3 f4 20. exf4 Nxf4 21. Bf1 Nb4 22. Ne5 Nc2 23. Rxd8+ Qxd8 24. Qb1 Bxf2+ 25. Kh1 Ne3 26. Rxc8 Qxc8 27. Ne4 Nxf1 28. Ng4 Nd2 29. Nxh6+ Kf8 30. Ba3+ Ke8 31. Nd6+ Kd7 0-1

[Event "Late-Titled-Tuesday-Blitz-October-10-2023"]
[Site "Chess.com"]
[Date "2023.10.10"]
[Round "9"]
[White "DonBroca"]
[Black "Inepton_Fermion"]
[Result "0-1"]
[WhiteElo "2237"]
[BlackElo "2398"]
[TimeControl "180+1"]
[EndTime "15:38:09 PDT"]
[Termination "Inepton_Fermion won by resignation"]

1. e4 c5 2. c3 d5 3. exd5 Qxd5 4.
d4 Nf6 5. Nf3 e6 6. Be2 Be7 7.
O-O O-O 8. Bg5 b6 9. c4 Qd8 10. Nc3 cxd4 11. Qxd4 Nc6 12. Qxd8 Rxd8 13. Rfd1 Bb7 14.
Rxd8+ Rxd8 15. Rd1 Rxd1+ 16. Bxd1 h6 17. Bh4 g5 18. Bg3 Nd7 19. Ba4 Nc5 20. Bxc6 Bxc6 21. b3 Bf6 22. Be5 Be7 23. Nd4 Bd7 24. Ndb5 a6 25. Bd6 Bf6 26. Ne4 Nxe4 0-1

[Event "Late-Titled-Tuesday-Blitz-October-10-2023"]
[Site "Chess.com"]
[Date "2023.10.10"]
[Round "9"]
[White "Msb2"]
[Black "Firouzja2003"]
[Result "1-0"]
[WhiteElo "3058"]
[BlackElo "3065"]
[TimeControl "180+1"]
[EndTime "15:38:12 PDT"]
[Termination "Msb2 won by resignation"]

1. d4 Nf6 2. c4 g6 3. Nc3 Bg7 4. e4 d6 5. Nf3 O-O 6. Be2 e5 7. Be3 Ng4 8. Bg5 f6 9. Bh4 Nc6 10. d5 Ne7 11. Nd2 h5 12. h3 Nh6 13. f3 Nf7 14. b4 f5 15. c5 g5 16. Bf2 f4 17. Nc4 Ng6 18. cxd6 cxd6 19. Nb5 Nh4 20.
O-O Nxg2 21. Kxg2 Qd7 22. Rh1 g4 23. hxg4 hxg4 24. Nxa7 Rxa7 25. Nb6 gxf3+ 26. Bxf3 Qd8 27. Nxc8 Ra3 28. Bg4 Ng5 29. Bh4 f3+ 30. Kf1 Rf4 31.
Be6+ Kf8 32. Qc1 Rd3 33. Nxd6 Qxd6 34. Qc8+ Ke7 35. Bxg5+ Rf6 1-0

[Event "Late-Titled-Tuesday-Blitz-October-10-2023"]
[Site "Chess.com"]
[Date "2023.10.10"]
[Round "9"]
[White "Harald_Schmidt"]
[Black "Lion-Al-Messi"]
[Result "0-1"]
[WhiteElo "2381"]
[BlackElo "2632"]
[TimeControl "180+1"]
[EndTime "15:38:13 PDT"]
[Termination "Lion-Al-Messi won on time"]

1. e4 c5 2. Nf3 e6 3. g3 Nc6 4. Bg2 Nf6 5. d3 d5 6. Nbd2 Be7 7. O-O b6 8. h3 Bb7 9. Re1 Qc7 10. Nf1 d4 11. c3 e5 12. cxd4 cxd4 13. Bd2 O-O 14. Nh4 g6 15. f4 Nh5 16. Nf5 exf4 17.
Nxe7+ Nxe7 18. g4 Ng7 19. Nh2 Ne6 20. Nf3 Rac8 21. Qb3 Qd7 22. Rf1 Ba6 23. Rac1 Qb5 24. Qxb5 Bxb5 25. Ne1 Rxc1 26. Bxc1 g5 27. b3 Ng6 28. Bf3 Ne5 29. Be2 Rc8 30. Ba3 Nc5 31. h4 f6 0-1

[Event "Late-Titled-Tuesday-Blitz-October-10-2023"]
[Site "Chess.com"]
[Date "2023.10.10"]
[Round "9"]
[White "flukeyNZ"]
[Black "canary2016"]
[Result "0-1"]
[WhiteElo "2236"]
[BlackElo "2187"]
[TimeControl "180+1"]
[EndTime "15:38:18 PDT"]
[Termination "canary2016 won by resignation"]

1. d4 Nf6 2. c4 e6 3. Nf3 d5 4. g4 Nxg4 5. Nc3 Nf6 6. Bg5 Be7 7. e3 O-O 8. Bd3 h6 9. h4 dxc4 10. Bxc4 c5 11. Qe2 cxd4 12. O-O-O Qa5 13. exd4 Nc6 14.
Kb1 Nb4 15. Ne5 a6 16. Rhg1 Kh8 17. Qd2 hxg5 18. hxg5 Nfd5 19. Nxd5 exd5 20. Bb3 Bf5+ 21. Ka1 Bc2 22. a3 Bxb3 23. Rde1 Nc2+ 0-1

[Event "Late-Titled-Tuesday-Blitz-October-10-2023"]
[Site "Chess.com"]
[Date "2023.10.10"]
[Round "9"]
[White "protectiago"]
[Black "annacramling"]
[Result "0-1"]
[WhiteElo "2064"]
[BlackElo "2192"]
[TimeControl "180+1"]
[EndTime "15:38:21 PDT"]
[Termination "annacramling won by checkmate"]

1. d4 Nf6 2. c4 e6 3. Nf3 d5 4. g3 c6 5. Bg2 Bb4+ 6. Bd2 Bd6 7. O-O Nbd7 8. Nc3 O-O 9. Qc2 Re8 10. Rfd1 Qc7 11. e4 dxe4 12. Nxe4 Nxe4 13. Qxe4 c5 14. Ng5 Nf6 15. Qh4 cxd4 16. c5 Bxc5 17. Rac1 Qb6 18. Ne4 Nxe4 19. Bxe4 f5 20. Bd3 e5 21. a3 e4 22.
Bc4+ Be6 23. b4 Bxc4 24. bxc5 Qe6 25. Bb4 e3 26. Rxd4 exf2+ 27. Kg2 f1=Q+ 28. Rxf1 Bxf1+ 29. Kxf1 Qe2+ 30. Kg1 Qe3+ 31. Kg2 g5 32. Qh5 Qxd4 33. Qxg5+ Qg7 34. Qxf5 Rf8 35. Qd5+ Qf7 36. Qg5+ Qg7 37. Qd5+ Rf7 38. Bd2 Qf6 39. Bf4 Re8 40. Bd6 Qf1# 0-1

[Event "Late-Titled-Tuesday-Blitz-October-10-2023"]
[Site "Chess.com"]
[Date "2023.10.10"]
[Round "9"]
[White "Elsa167"]
[Black "Alex_Sahakyan2006"]
[Result "0-1"]
[WhiteElo "2920"]
[BlackElo "2772"]
[TimeControl "180+1"]
[EndTime "15:38:22 PDT"]
[Termination "Alex_Sahakyan2006 won by resignation"]

1. d4 Nf6 2. c4 c5 3. d5 g6 4. Nc3 Bg7 5. e4 d6 6. f3 O-O 7.
Bg5 e6 8. Qd2 exd5 9. cxd5 Re8 10.
Be2 Na6 11. h4 Rb8 12. h5 Nc7 13. hxg6 fxg6 14. a4 a6 15. f4 b5 16. axb5 axb5 17. e5 dxe5 18. d6 Ne6 19. fxe5 Nxg5 20. Qxg5 b4 21.
exf6 bxc3 22. bxc3 Bxf6 23. Qh6 Rb7 24. Rd1 Rf7 25.
Nf3 Ba6 26. Rd2 Bxc3 0-1

[Event "Late-Titled-Tuesday-Blitz-October-10-2023"]
[Site "Chess.com"]
[Date "2023.10.10"]
[Round "9"]
[White "CarlosjPineror"]
[Black "Hirna2005"]
[Result "1-0"]
[WhiteElo "2499"]
[BlackElo "2300"]
[TimeControl "180+1"]
[EndTime "15:38:28 PDT"]
[Termination "CarlosjPineror won by resignation"]

1. e4 g6 2. d4 Bg7 3. Nc3 d6 4. Nf3 a6 5. a4 Nc6 6. h3 Nf6 7.
Bc4 O-O 8. Ba2 e5 9. dxe5 dxe5 10. Bg5 Qxd1+ 11. Rxd1 Nb4 12. Bb3 Nd7 13. Be7 Nc6 14. Bxf8 Bxf8 15. Ng5 Nd8 16. O-O h6 17. Nf3 Nc6 18. Nd5 Bd6 19. c3 Nc5 20. Bc2 Be6 21.
b4 Nd7 22. Nd2 f5 23. Nc4 Bxd5 24. Rxd5 Nf6 25. Rd2 fxe4 26. Nxd6 cxd6 27. Rxd6 Kf7 28. Re1 Ke7 29. Rd2 Rc8 30. Bxe4 Nd8 31. Bxg6 Nd7 32.
Bf5 Ne6 33. Rxd7+ Kxd7 34. Rxe5 Rc6 35. Rxe6 Rxe6 36. Bxe6+ Kxe6 37. g4 Kd5 38. f4 Kc4 39. f5 Kd5 40. f6 Ke6 41. Kf2 Kxf6 42. Kf3 Ke5 43. Ke3 Kd5 44. Kd3 b5 45. a5 Ke5 46.
c4 bxc4+ 47. Kxc4 Kf4 48. b5 axb5+ 49. Kxb5 Kg3 50. a6 Kxh3 51. a7 Kxg4 52. a8=Q Kg3 53.
Qh1 Kg4 54. Kc4 h5 55. Kd3 h4 56. Ke2 Kg3 57. Kf1 h3 58. Ke2 Kg4 59. Kf1 Kg3 60. Ke2 Kg4 61. Kf2 Kh4 62. Kf3 Kg5 63.
Kg3 h2 64. Qxh2 1-0

[Event "Late-Titled-Tuesday-Blitz-October-10-2023"]
[Site "Chess.com"]
[Date "2023.10.10"]
[Round "9"]
[White "GlavkonVVS"]
[Black "rychessmaster1"]
[Result "1-0"]
[WhiteElo "2559"]
[BlackElo "2687"]
[TimeControl "180+1"]
[EndTime "15:38:30 PDT"]
[Termination "GlavkonVVS won by resignation"]

1. Nf3 d5 2. g3 g6 3. Bg2 Bg7 4. d3 Nf6 5. O-O O-O 6. Nbd2 d4 7. c4 dxc3 8. bxc3 Nd5 9. Bb2 Nxc3 10. Bxc3 Bxc3 11.
Rb1 c6 12. Qc2 Bg7 13. Ne4 Nd7 14. d4 Nf6 15. Nc5 b6 16. Nd3 Bf5 17. Qxc6 Rc8 18. Qa4 Qd7 19. Qa3 Ne4 20. Rbc1 Rxc1 21. Rxc1 Rc8 22.
Rxc8+ Qxc8 23. Qxe7 Qc2 24. Bf1 Nc3 25. Qe8+ Bf8 26.
Nf4 Qxa2 27. Ne5 Ne4 28. Nc6 Nd6 29. Qd8 Kg7 30. Ne7 Nb7 31. Nxf5+ gxf5 32. Qg5+ Kh8 33.
Qxf5 Qc4 34. e3 Qc7 35. Bd3 f6 36. Ne6 Nd6 37. Qxf6+ Bg7 38. Qh4 Qc1+ 39. Kg2 Qc6+ 40.
Kh3 Ne4 41. Qxe4 1-0

[Event "Late-Titled-Tuesday-Blitz-October-10-2023"]
[Site "Chess.com"]
[Date "2023.10.10"]
[Round "9"]
[White "GMJustin"]
[Black "tylityli"]
[Result "0-1"]
[WhiteElo "2183"]
[BlackElo "2341"]
[TimeControl "180+1"]
[EndTime "15:38:30 PDT"]
[Termination "tylityli won on time"]

1. d4 Nf6 2. c4 e6 3. Nc3 Bb4 4. Bg5 h6 5. Bh4 g5 6. Bg3 Ne4 7. Qc2 f5 8. Be5 Rg8 9. f3 Nxc3 10. bxc3 Be7 11. Bg3 f4 12. Bf2 d6 13. Qh7 Kd7 14. Qxh6 Qf8 15. Qxf8 Bxf8 16. e3 e5 17. h4 g4 18. exf4 exf4 19. fxg4 Rxg4 20. Nf3 Bh6 21. h5 Nc6 22. O-O-O Ke7 23. Kb2 Bf5 24. Re1+ Kd7 25.
Nh4 Bh7 26. Be2 Rgg8 27. Bf3 Rae8 28. Rxe8 Rxe8 29. Re1 Rg8 30. Be4 Bxe4 31. Rxe4 Ne7 32. Be1 Rg4 33. Rxe7+ Kxe7 34. Nf5+ Kf6 35. Nxh6 Rxg2+ 36.
Kc1 Kg5 37. Nf7+ Kxh5 38. Kd1 Rxa2 39. Nd8 b6 40. Bd2 f3 0-1

[Event "Late-Titled-Tuesday-Blitz-October-10-2023"]
[Site "Chess.com"]
[Date "2023.10.10"]
[Round "9"]
[White "Dannyyi"]
[Black "BardArtem"]
[Result "1-0"]
[WhiteElo "2341"]
[BlackElo "2744"]
[TimeControl "180+1"]
[EndTime "15:38:34 PDT"]
[Termination "Dannyyi won on time"]

1. e4 e5 2. Nf3 Nc6 3. Bc4 Bc5 4.
d3 Nf6 5. O-O h6 6. c3 a6 7. a4 d6 8. Re1 Ba7 9. Nbd2 Bd7 10.
Nf1 O-O 11. h3 Ne7 12. d4 Ng6 13. Ng3 Re8 14. Qb3 d5 15. exd5 exd4 16. Rxe8+ Nxe8 17. cxd4 Nd6 18. Bd3 Nh4 19. Nxh4 Qxh4 20. Be3 Bxd4 21. Re1 Re8 22. Nf1 Bxe3 23. Rxe3 Rxe3 24. Nxe3 Qxa4 25. Qc3 Bb5 26. Bc2 Qa1+ 27. Kh2 c6 28.
Qe5 Qe1 29. Qxd6 g6 30. Qb8+ Kg7 31. Qe5+ Kh7 32. Qf6 Kg8 33. d6 Qd2 34. Bb3 1-0

[Event "Late-Titled-Tuesday-Blitz-October-10-2023"]
[Site "Chess.com"]
[Date "2023.10.10"]
[Round "9"]
[White "Bala-Afiada"]
[Black "talaicito"]
[Result "0-1"]
[WhiteElo "1949"]
[BlackElo "2229"]
[TimeControl "180+1"]
[EndTime "15:38:35 PDT"]
[Termination "talaicito won by resignation"]

1. d4 e6 2. c4 f5 3. Nc3 Nf6 4. b3 Bb4 5. Bb2 Ne4 6. Qc2 Nc6 7. e3 a5 8. Bd3 Nxc3 9. Bxc3 O-O 10. Nf3 d6 11. d5 Bxc3+ 12. Qxc3 Nb4 13. dxe6 Bxe6 14. Nd4 Qf6 15. Kd2 f4 16. Rhf1 Rae8 17. Nxe6 Qxe6 18.
a3 fxe3+ 19. Kc1 Nxd3+ 20. Qxd3 exf2 21. Kd2 Qh6+ 22. Kc3 Re3 0-1

[Event "Late-Titled-Tuesday-Blitz-October-10-2023"]
[Site "Chess.com"]
[Date "2023.10.10"]
[Round "9"]
[White "PapaieDudu"]
[Black "MathiasWomacka"]
[Result "0-1"]
[WhiteElo "2381"]
[BlackElo "2532"]
[TimeControl "180+1"]
[EndTime "15:38:39 PDT"]
[Termination "MathiasWomacka won by checkmate"]

1. e4 c5 2. Nf3 d6 3. d4 cxd4 4.
Nxd4 Nf6 5. Nc3 a6 6. f3 e5 7. Nb3 Be7 8. Be3 Be6 9. g4 d5 10.
exd5 Nxd5 11. Nxd5 Bxd5 12. c4 Bh4+ 13. Bf2 Bxf2+ 14.
Kxf2 Qh4+ 15. Kg1 Bc6 16. Qd6 Nd7 17. Bg2 O-O-O 18. Na5 Nb8 19. Qxe5 Rd2 20. Qf5+ Nd7 21.
Rf1 Re8 22. Nxc6 Ree2 23. Na7+ Kb8 24. Qf4+ Kxa7 25. Qxd2 Rxd2 26. h3 Qg3 27. Rh2 Ne5 28. f4 Nd3 29. Rf3 Rd1+ 30. Rf1 Rxf1+ 31. Kxf1 Qf2# 0-1

[Event "Late-Titled-Tuesday-Blitz-October-10-2023"]
[Site "Chess.com"]
[Date "2023.10.10"]
[Round "9"]
[White "martinez_95"]
[Black "nitpicker"]
[Result "1-0"]
[WhiteElo "2219"]
[BlackElo "2241"]
[TimeControl "180+1"]
[EndTime "15:38:43 PDT"]
[Termination "martinez_95 won on time"]

1. d4 Nf6 2. c4 e6 3. Nc3 Bb4 4. Nf3 d5 5. Bg5 Nbd7 6. e3 O-O 7. Rc1 b6 8. Ne5 Bb7 9. cxd5 exd5 10. Nxd7 Qxd7 11.
Bxf6 gxf6 12. Bd3 Bc8 13. O-O f5 14. Qh5 Qe6 15. Ne2 Bd6 16. Ng3 Qg6 17. Qh4 c5 18. f4 Bd7 19. Nh5 f6 20. Rf3 Kh8 21. Rg3 Qh6 22. Qh3 Be8 23. Ng7 Qxh3 24. gxh3 cxd4 25.
Nxf5 Bb8 26. Rc8 dxe3 27. Nh6 d4 28. Rxe8 1-0

[Event "Late-Titled-Tuesday-Blitz-October-10-2023"]
[Site "Chess.com"]
[Date "2023.10.10"]
[Round "9"]
[White "PawnEatingZombie"]
[Black "howitzer14"]
[Result "0-1"]
[WhiteElo "2204"]
[BlackElo "2972"]
[TimeControl "180+1"]
[EndTime "15:38:46 PDT"]
[Termination "howitzer14 won by checkmate"]

1. e4 c5 2. c3 e5 3. Bc4 Nf6 4. Nf3 Nc6 5. O-O Nxe4 6. Re1 d5 7. d4 cxd4 8. cxd4 dxc4 9. Rxe4 f5 10. Nxe5 fxe4 11. Qh5+ g6 12. Nxg6 hxg6 13. Qxg6+ Kd7 14. Bf4 Qe8 15. Qf6 Be7 16. Qf5+ Kd8 17. Qxe4 Bf6 18. Qd5+ Bd7 19. Nc3 Qe6 20. Qb5 Nxd4 21. Qxb7 Qc6 22. Bc7+ Ke8 23. Re1+ Kf7 24. Qb4 Qxc7 25.
Nd5 Qxh2+ 26. Kf1 Qh1# 0-1

[Event "Late-Titled-Tuesday-Blitz-October-10-2023"]
[Site "Chess.com"]
[Date "2023.10.10"]
[Round "9"]
[White "StarkyNZ"]
[Black "GMKrikor"]
[Result "0-1"]
[WhiteElo "2383"]
[BlackElo "2797"]
[TimeControl "180+1"]
[EndTime "15:38:47 PDT"]
[Termination "GMKrikor won by resignation"]

1. d4 Nf6 2. c4 g6 3. Nc3 d5 4. Bg5 Bg7 5. e3 dxc4 6. Bxc4 c5 7. Nge2 O-O 8. O-O cxd4 9. Nxd4 a6 10. a4 Nbd7 11.
a5 Nc5 12. Qf3 Bg4 13. Qg3 Bd7 14. Rfd1 Nfe4 15. Nxe4 Nxe4 16. Qh4 Nxg5 17. Qxg5 e6 18. Qxd8 Rfxd8 19. Be2 Rab8 20. b4 Bf8 21. b5 e5 22.
Nf3 Bxb5 23. Bxb5 axb5 24. Nxe5 Bg7 25. f4 Rxd1+ 26. Rxd1 Bxe5 27. fxe5 Ra8 28. Rd7 Rxa5 29. Rxb7 g5 30. Kf2 h5 31. Kf3 b4 32. Rxb4 Rxe5 33. h3 Kg7 34. g3 Kg6 35. Rd4 f6 36. Ra4 Rf5+ 37. Kg2 Rb5 38. Kf3 Rb1 39. Ra2 Rf1+ 40.
Rf2 g4+ 41. hxg4 hxg4+ 42. Kg2 Rxf2+ 43. Kxf2 Kf5 44. Kf1 Ke4 45. Ke2 f5 46. Kd2 Kf3 47. Kd3 Kxg3 48. e4 fxe4+ 49. Kxe4 Kf2 0-1

[Event "Late-Titled-Tuesday-Blitz-October-10-2023"]
[Site "Chess.com"]
[Date "2023.10.10"]
[Round "9"]
[White "Szczor"]
[Black "nicholas_ilic"]
[Result "0-1"]
[WhiteElo "2589"]
[BlackElo "2334"]
[TimeControl "180+1"]
[EndTime "15:38:47 PDT"]
[Termination "nicholas_ilic won by resignation"]

1. d4 Nf6 2. c4 e6 3. Nc3 Bb4 4. Nf3 c5 5. e3 O-O 6. Be2 d5 7. O-O Nc6 8. dxc5 Bxc3 9. bxc3 Ne4 10.
Qc2 Nxc5 11. Rd1 f5 12. cxd5 exd5 13. c4 Ne4 14. cxd5 Ne7 15. Ba3 Bd7 16. d6 Ng6 17. Qb3+ Kh8 18. Qxb7 Rb8 19. Qc7 Qe8 20. Rac1 Rc8 21.
Qa5 f4 22. Rxc8 Qxc8 23. Qc7 Nc3 24. Re1 Nxe2+ 25. Rxe2 Qa6 26. Re1 Qxa3 27. Qxd7 fxe3 28.
fxe3 Qxa2 29. Qc7 Nh4 0-1

[Event "Late-Titled-Tuesday-Blitz-October-10-2023"]
[Site "Chess.com"]
[Date "2023.10.10"]
[Round "9"]
[White "chosenpr"]
[Black "dorpato"]
[Result "1-0"]
[WhiteElo "2271"]
[BlackElo "2083"]
[TimeControl "180+1"]
[EndTime "15:38:49 PDT"]
[Termination "chosenpr won by resignation"]

1. e4 c5 2. Nf3 d6 3. d4 cxd4 4. Qxd4 Nc6 5. Qe3 Nf6 6. Be2 e5 7. O-O Be7 8. h3 Be6 9. c4 O-O 10. Nc3 Rc8 11. b3 a6 12. Bb2 Nh5 13. Nxe5 dxe5 14.
Bxh5 Nd4 15. Rad1 Bc5 16. Qg3 Qf6 17. Kh1 b6 18. f4 exf4 19. Rxf4 Qe5 20. Bg4 Bd6 21.
Ne2 Nxe2 22. Bxe2 Qxb2 23. Rxd6 Qxe2 24. Rxb6 Rcd8 25. Rf2 Qe1+ 26. Kh2 Rd1 27. Qf4 Qg1+ 28. Kg3 Rd3+ 29. Kh4 Qe1 30. Rxe6 Qe3 31. Qxf7+ Rxf7 32. Re8+ 1-0

[Event "Late-Titled-Tuesday-Blitz-October-10-2023"]
[Site "Chess.com"]
[Date "2023.10.10"]
[Round "9"]
[White "Zhigalko_Sergei"]
[Black "lamomiajunior"]
[Result "1-0"]
[WhiteElo "2908"]
[BlackElo "2750"]
[TimeControl "180+1"]
[EndTime "15:38:53 PDT"]
[Termination "Zhigalko_Sergei won by resignation"]

1. e4 c6 2. d4 d5 3. e5 Bf5 4.
Nf3 e6 5. Be2 c5 6. Be3 cxd4 7.
Nxd4 Ne7 8. Nd2 Nbc6 9. N2f3 Bg4 10. O-O Bxf3 11. Nxf3 Ng6 12. c4 dxc4 13. Bxc4 Be7 14.
Bb5 O-O 15. Bxc6 bxc6 16. Qc2 Qd5 17. Rfd1 Qb5 18. a4 Qa6 19. Rd7 Bb4 20. Qe4 c5 21.
h4 Rad8 22. Rc7 Qb6 23. Rb7 Qa6 24. h5 Nh8 25. Ng5 g6 26. h6 Qd3 27. Qxd3 Rxd3 28. Ne4 Rfd8 29. Nf6+ Kf8 30. Nxh7+ Kg8 31. Nf6+ Kf8 32.
Rxa7 g5 33. Bxg5 Ng6 34. Nh7+ Kg8 35. Bxd8 Kxh7 36. Rxf7+ Kxh6 37. Bf6 Nf4 38. Bg7+ Kg5 39. Bh6+ Kxh6 40. Rxf4 Rd2 41. a5 Rd7 42. a6 Kg5 43.
Rf6 Ra7 44. Rxe6 Kf5 45. Re8 c4 46. Rb8 Bc5 47. Rb7 Ra8 48. Ra5 Bd4 49. a7 Ke4 50. Rb8 Rxa7 51. Rxa7 Bxa7 52. Rb7 Bd4 53. e6 1-0